TOP OF THE 1ST |
Ft. Polk South Thunder Hawks batting - Pitching for Bethesda Atoms : RHP Wing-fung Quan
|
Pitching: RHP Wing-fung Quan
|
|
Batting: LHB Félix Islava
|
0-0: Foul Ball, location: 2F 0-1: DOUBLE (Line Drive, 7LM, EV 101.2 MPH)
|
Batting: LHB Donald Cannon
|
0-0: Ball 1-0: Called Strike 1-1: Ball 2-1: Ball 3-1: Base on Balls
|
Batting: LHB Anton Zdravomyslov
|
0-0: Ground out 3-1 (Groundball, 34S, EV 83.1 MPH) Félix Islava to third Donald Cannon to second
|
Batting: RHB Orlando Cochón
|
0-0: Called Strike 0-1: Ground out 1-3 (Groundball, 13S, EV 55.6 MPH)
|
Batting: RHB Danny McElroy
|
0-0: Ball 1-0: Called Strike 1-1: Called Strike 1-2: Ball 2-2: Fly out, F9 (Flyball, 89S, EV 84.4 MPH)
|
Top of the 1st over - 0 runs, 1 hit, 0 errors, 2 left on base; Ft. Polk South 0 - Bethesda 0 |
BOTTOM OF THE 1ST |
Bethesda Atoms batting - Pitching for Ft. Polk South Thunder Hawks : LHP Wayne King
|
Pitching: LHP Wayne King
|
|
Batting: LHB Woody Tucker
|
0-0: Ball 1-0: Ball 2-0: Foul Ball, location: 2F 2-1: Ground out U3 (Groundball, 3, EV 83.1 MPH)
|
Batting: LHB Alexander Karshev
|
0-0: Ball 1-0: Fly out, F8 (Flyball, 8LM, EV 87.5 MPH)
|
Batting: RHB Job Wooddisse
|
0-0: Ball 1-0: Ball 2-0: Fly out, F8 (Line Drive, 8LM, EV 95.0 MPH)
|
Bottom of the 1st over - 0 runs, 0 hits, 0 errors, 0 left on base; Ft. Polk South 0 - Bethesda 0 |
TOP OF THE 2ND |
Ft. Polk South Thunder Hawks batting - Pitching for Bethesda Atoms : RHP Wing-fung Quan
|
Batting: LHB Virgil Hughes
|
0-0: Foul Ball, location: 2F 0-1: Ball 1-1: Ground out 4-3 (Groundball, 34D, EV 96.9 MPH)
|
Batting: SHB Bailey Stuart
|
0-0: Ball 1-0: SINGLE (Groundball, 13S, EV 68.8 MPH) (infield hit)
|
Batting: RHB Wallace Sanders
|
0-0: Fly out, F3 (Popup, 3S, EV 72.5 MPH)
|
Batting: RHB Vonne Fajardo
|
0-0: Called Strike 0-1: Foul Ball, location: 2F 0-2: Strikes out looking
|
Top of the 2nd over - 0 runs, 1 hit, 0 errors, 1 left on base; Ft. Polk South 0 - Bethesda 0 |
BOTTOM OF THE 2ND |
Bethesda Atoms batting - Pitching for Ft. Polk South Thunder Hawks : LHP Wayne King
|
Batting: RHB Jack Plumb
|
0-0: Ball 1-0: Ball 2-0: SINGLE (Groundball, 6MD, EV 107.5 MPH)
|
Batting: SHB Teddy York
|
0-0: Ball 1-0: Foul Ball, location: 2F 1-1: Fly out, F9 (Flyball, 9LD, EV 98.8 MPH)
|
Batting: RHB Carl Bridges
|
0-0: Ball 1-0: Called Strike 1-1: Called Strike 1-2: Grounds into double play, 6-4-3 (Groundball, 6M, EV 86.9 MPH)
|
Bottom of the 2nd over - 0 runs, 1 hit, 0 errors, 0 left on base; Ft. Polk South 0 - Bethesda 0 |
TOP OF THE 3RD |
Ft. Polk South Thunder Hawks batting - Pitching for Bethesda Atoms : RHP Wing-fung Quan
|
Batting: LHB Félix Islava
|
0-0: Ball 1-0: Foul Ball, location: 2F 1-1: SINGLE (Line Drive, 78M, EV 102.5 MPH)
|
Batting: LHB Donald Cannon
|
0-0: Called Strike 0-1: Foul Ball, location: 2F 0-2: Ball 1-2: Fly out, F7 (Flyball, 7S, EV 93.1 MPH)
|
Batting: LHB Anton Zdravomyslov
|
0-0: Ball Félix Islava is caught stealing 2nd base 2-6 1-0: Foul Ball, location: 2F 1-1: Swinging Strike 1-2: Strikes out swinging
|
Top of the 3rd over - 0 runs, 1 hit, 0 errors, 0 left on base; Ft. Polk South 0 - Bethesda 0 |
BOTTOM OF THE 3RD |
Bethesda Atoms batting - Pitching for Ft. Polk South Thunder Hawks : LHP Wayne King
|
Batting: LHB Jamal Harrell
|
0-0: Foul Ball, location: 2F 0-1: Ball 1-1: Called Strike 1-2: Ball 2-2: Foul Ball, location: 2F 2-2: SINGLE (Groundball, 6D, EV 102.5 MPH)
|
Batting: LHB Bill Ware
|
0-0: Foul Ball, location: 2F 0-1: Swinging Strike 0-2: Ball 1-2: Fly out, F4 (Flyball, 4D, EV 83.8 MPH)
|
Batting: RHB Paul Nelson
|
0-0: Ball 1-0: Called Strike 1-1: Foul Ball, location: 2F 1-2: Ball 2-2: Foul Ball, location: 2F 2-2: Foul Ball, location: 2F 2-2: Ball 3-2: Fly out, F7 (Flyball, 7, EV 90.0 MPH)
|
Batting: LHB Woody Tucker
|
0-0: Called Strike 0-1: Fielders Choice at 2nd, 6-4 (Groundball, 6, EV 88.8 MPH)
|
Bottom of the 3rd over - 0 runs, 1 hit, 0 errors, 1 left on base; Ft. Polk South 0 - Bethesda 0 |
TOP OF THE 4TH |
Ft. Polk South Thunder Hawks batting - Pitching for Bethesda Atoms : RHP Wing-fung Quan
|
Batting: RHB Orlando Cochón
|
0-0: Ball 1-0: Called Strike 1-1: Foul Ball, location: 2F 1-2: Fly out, F8 (Line Drive, 8LD, EV 103.1 MPH)
|
Batting: RHB Danny McElroy
|
0-0: Ball 1-0: Foul Ball, location: 2F 1-1: Fly out, F9 (Flyball, 9S, EV 74.4 MPH)
|
Batting: LHB Virgil Hughes
|
0-0: Ball 1-0: Foul Ball, location: 2F 1-1: Swinging Strike 1-2: Foul Ball, location: 2F 1-2: Foul Ball, location: 2F 1-2: Fly out, F8 (Flyball, 8RXD, EV 97.5 MPH)
|
Top of the 4th over - 0 runs, 0 hits, 0 errors, 0 left on base; Ft. Polk South 0 - Bethesda 0 |
BOTTOM OF THE 4TH |
Bethesda Atoms batting - Pitching for Ft. Polk South Thunder Hawks : LHP Wayne King
|
Batting: LHB Alexander Karshev
|
0-0: Ball 1-0: Ball 2-0: Called Strike 2-1: Called Strike 2-2: Fly out, F7 (Flyball, 7LM, EV 95.6 MPH)
|
Batting: RHB Job Wooddisse
|
0-0: Ball 1-0: SINGLE (Groundball, 6MS, EV 72.5 MPH) (infield hit)
|
Batting: RHB Jack Plumb
|
0-0: Swinging Strike 0-1: Ball 1-1: Called Strike 1-2: Ball 2-2: Grounds into double play, 1-6-3 (Groundball, 13S, EV 65.6 MPH)
|
Bottom of the 4th over - 0 runs, 1 hit, 0 errors, 0 left on base; Ft. Polk South 0 - Bethesda 0 |
TOP OF THE 5TH |
Ft. Polk South Thunder Hawks batting - Pitching for Bethesda Atoms : RHP Wing-fung Quan
|
Batting: SHB Bailey Stuart
|
0-0: Ball 1-0: Foul Ball, location: 2F 1-1: Ground out 6-3 (Groundball, 6, EV 86.9 MPH)
|
Batting: RHB Wallace Sanders
|
0-0: Called Strike 0-1: Ball 1-1: Foul Ball, location: 2F 1-2: Ball 2-2: SINGLE (Groundball, 56D, EV 105.0 MPH)
|
Batting: RHB Vonne Fajardo
|
0-0: Called Strike 0-1: Ball 1-1: Ball Wallace Sanders is caught stealing 2nd base 2-4 2-1: Foul Ball, location: 2F 2-2: Foul Ball, location: 2F 2-2: Ground out 1-3 (Groundball, 13S, EV 65.0 MPH)
|
Top of the 5th over - 0 runs, 1 hit, 0 errors, 0 left on base; Ft. Polk South 0 - Bethesda 0 |
BOTTOM OF THE 5TH |
Bethesda Atoms batting - Pitching for Ft. Polk South Thunder Hawks : LHP Wayne King
|
Batting: SHB Teddy York
|
0-0: Called Strike 0-1: Ball 1-1: Fly out, F7 (Flyball, 78M, EV 91.2 MPH)
|
Batting: RHB Carl Bridges
|
0-0: Called Strike 0-1: Ball 1-1: Ball 2-1: SINGLE (Line Drive, 8RS, EV 101.9 MPH)
|
Batting: LHB Jamal Harrell
|
0-0: Swinging Strike 0-1: Fly out, F8 (Flyball, 89D, EV 82.5 MPH)
|
Batting: LHB Bill Ware
|
0-0: Fielders Choice at 2nd, U6 (Groundball, 6M, EV 105.6 MPH)
|
Bottom of the 5th over - 0 runs, 1 hit, 0 errors, 1 left on base; Ft. Polk South 0 - Bethesda 0 |
TOP OF THE 6TH |
Ft. Polk South Thunder Hawks batting - Pitching for Bethesda Atoms : RHP Wing-fung Quan
|
Batting: LHB Félix Islava
|
0-0: Foul Ball, location: 2F 0-1: Called Strike 0-2: Ball 1-2: Ball 2-2: Ball 3-2: Strikes out looking
|
Batting: LHB Donald Cannon
|
0-0: Ball 1-0: Called Strike 1-1: Swinging Strike 1-2: Ball 2-2: Ball 3-2: Base on Balls
|
Batting: LHB Anton Zdravomyslov
|
0-0: Ball Donald Cannon is caught stealing 2nd base 2-6 1-0: Ball 2-0: Called Strike 2-1: Called Strike 2-2: Foul Ball, location: 2F 2-2: Ball 3-2: Ground out 4-3 (Groundball, 4, EV 84.4 MPH)
|
Top of the 6th over - 0 runs, 0 hits, 0 errors, 0 left on base; Ft. Polk South 0 - Bethesda 0 |
BOTTOM OF THE 6TH |
Bethesda Atoms batting - Pitching for Ft. Polk South Thunder Hawks : LHP Wayne King
|
Batting: RHB Paul Nelson
|
0-0: Ball 1-0: SINGLE (Groundball, 56D, EV 104.4 MPH)
|
Batting: LHB Woody Tucker
|
0-0: Foul Ball, location: 2F 0-1: Bunt missed! 0-2: Ball 1-2: Ball 2-2: Fielders Choice at 2nd, 4-6 (Groundball, 4M, EV 91.2 MPH)
|
Batting: LHB Alexander Karshev
|
0-0: Called Strike 0-1: Ball 1-1: Ball 2-1: Fly out, F8 (Flyball, 78M, EV 92.5 MPH)
|
Batting: RHB Job Wooddisse
|
0-0: Ball 1-0: Called Strike 1-1: Ball 2-1: Called Strike 2-2: Ball Woody Tucker steals 2nd base 3-2: Ground out 6-3 (Groundball, 6, EV 103.1 MPH)
|
Bottom of the 6th over - 0 runs, 1 hit, 0 errors, 1 left on base; Ft. Polk South 0 - Bethesda 0 |
TOP OF THE 7TH |
Ft. Polk South Thunder Hawks batting - Pitching for Bethesda Atoms : RHP Wing-fung Quan
|
Pitching: LHP Fernando Marín
|
|
Batting: RHB Orlando Cochón
|
0-0: Ball 1-0: Foul Ball, location: 2F 1-1: Ball 2-1: Swinging Strike 2-2: Foul Ball, location: 2F 2-2: Ball 3-2: Ground out 4-3 (Groundball, 4M, EV 77.5 MPH)
|
Batting: RHB Danny McElroy
|
0-0: Ball 1-0: Foul Ball, location: 2F 1-1: Foul Ball, location: 2F 1-2: Ball 2-2: Foul Ball, location: 2F 2-2: SOLO HOME RUN (Flyball, 7D, EV 95.6 MPH), Distance : 364 ft
|
Batting: LHB Virgil Hughes
|
0-0: Ball 1-0: Foul Ball, location: 2F 1-1: Foul Ball, location: 2F 1-2: Foul Ball, location: 2F 1-2: Strikes out swinging
|
Batting: SHB Bailey Stuart
|
0-0: Ball 1-0: Foul Ball, location: 2F 1-1: Foul Ball, location: 2F 1-2: Ground out 1-3 (Groundball, 13, EV 68.1 MPH)
|
Top of the 7th over - 1 run, 1 hit, 0 errors, 0 left on base; Ft. Polk South 1 - Bethesda 0 |
BOTTOM OF THE 7TH |
Bethesda Atoms batting - Pitching for Ft. Polk South Thunder Hawks : LHP Wayne King
|
Pitching: RHP Albert Poe
|
|
Batting: RHB Jack Plumb
|
0-0: Ball 1-0: Ball 2-0: Ball 3-0: Called Strike 3-1: Swinging Strike 3-2: Foul Ball, location: 2F 3-2: Foul Ball, location: 2F 3-2: Base on Balls
|
Batting: SHB Teddy York
|
0-0: Ball 1-0: Ball 2-0: Ball 3-0: Called Strike 3-1: SINGLE (Line Drive, 8LS, EV 104.4 MPH) Jack Plumb to second
|
Batting: RHB Carl Bridges
|
0-0: Called Strike 0-1: Ball 1-1: Foul Ball, location: 2F 1-2: Grounds into double play, 6-4-3 (Groundball, 6, EV 83.8 MPH) Jack Plumb to third
|
Batting: LHB Jamal Harrell
|
0-0: Called Strike 0-1: Ball 1-1: Swinging Strike 1-2: Ball 2-2: Foul Ball, location: 2F 2-2: Ground out 4-3 (Groundball, 4, EV 102.5 MPH)
|
Bottom of the 7th over - 0 runs, 1 hit, 0 errors, 1 left on base; Ft. Polk South 1 - Bethesda 0 |
TOP OF THE 8TH |
Ft. Polk South Thunder Hawks batting - Pitching for Bethesda Atoms : LHP Fernando Marín
|
Batting: RHB Wallace Sanders
|
0-0: Ball 1-0: Foul Ball, location: 2F 1-1: Ball 2-1: SINGLE (Groundball, 34D, EV 109.4 MPH)
|
Pitching: RHP Paul Stark
|
|
Batting: RHB Vonne Fajardo
|
0-0: Ball 1-0: Fly out, F8 (Flyball, 8LD, EV 103.1 MPH)
|
Batting: LHB Félix Islava
|
0-0: Ball 1-0: Ball 2-0: Ball 3-0: Base on Balls Wallace Sanders to second
|
Batting: LHB Donald Cannon
|
0-0: Called Strike 0-1: Fly out, F9 (Flyball, 9S, EV 97.5 MPH)
|
Batting: LHB Anton Zdravomyslov
|
0-0: SINGLE (Groundball, 34D, EV 97.5 MPH) Wallace Sanders to third Félix Islava to second Runner from 3rd tries for Home, SAFE, throw by RF to home
|
Batting: RHB Orlando Cochón
|
0-0: Ball 1-0: Foul Ball, location: 2F 1-1: Foul Ball, location: 2F 1-2: Ball 2-2: Ball 3-2: Base on Balls Félix Islava to third Anton Zdravomyslov to second
|
Batting: RHB Danny McElroy
|
0-0: Ball 1-0: Foul Ball, location: 2F 1-1: Called Strike 1-2: Fly out, F7 (Flyball, 7LS, EV 86.9 MPH)
|
Top of the 8th over - 1 run, 2 hits, 0 errors, 3 left on base; Ft. Polk South 2 - Bethesda 0 |
BOTTOM OF THE 8TH |
Bethesda Atoms batting - Pitching for Ft. Polk South Thunder Hawks : RHP Albert Poe
|
Batting: LHB Bill Ware
|
0-0: Foul Ball, location: 2F 0-1: Called Strike 0-2: Foul Ball, location: 2F 0-2: DOUBLE (Line Drive, 8LXD, EV 106.9 MPH)
|
Pinch Hitting: LHB Lesmana Layar
|
0-0: Swinging Strike 0-1: Ball 1-1: Called Strike 1-2: Foul Ball, location: 2F 1-2: SINGLE (Groundball, 4MD, EV 103.8 MPH) (infield hit) Bill Ware to third
|
Pitching: LHP Tony Wille
|
|
Pinch Hitting: RHB Munemitsu Hayagawa
|
0-0: Grounds into double play, 6-4-3 (Groundball, 6M, EV 84.4 MPH) Bill Ware scores
|
Batting: LHB Alexander Karshev
|
0-0: Ball 1-0: Swinging Strike 1-1: Called Strike 1-2: Ball 2-2: Hit by Pitch
|
Batting: RHB Job Wooddisse
|
0-0: Ball 1-0: Fly out, F9 (Flyball, 9S, EV 98.8 MPH)
|
Bottom of the 8th over - 1 run, 2 hits, 0 errors, 1 left on base; Ft. Polk South 2 - Bethesda 1 |
TOP OF THE 9TH |
Ft. Polk South Thunder Hawks batting - Pitching for Bethesda Atoms : RHP Paul Stark
|
Now at SS: Teriieroo Mallaganee
|
|
Now in LF: Job Wooddisse
|
|
Now in CF: Lesmana Layar
|
|
Batting: LHB Virgil Hughes
|
0-0: Foul Ball, location: 2F 0-1: Swinging Strike 0-2: Ground out U3 (Groundball, 3, EV 83.8 MPH)
|
Batting: SHB Bailey Stuart
|
0-0: Ground out 4-3 (Groundball, 4, EV 85.0 MPH)
|
Batting: RHB Wallace Sanders
|
0-0: Ball 1-0: Ground out 6-3 (Groundball, 56, EV 87.5 MPH)
|
Top of the 9th over - 0 runs, 0 hits, 0 errors, 0 left on base; Ft. Polk South 2 - Bethesda 1 |
BOTTOM OF THE 9TH |
Bethesda Atoms batting - Pitching for Ft. Polk South Thunder Hawks : LHP Tony Wille
|
Batting: RHB Jack Plumb
|
0-0: Foul Ball, location: 2F 0-1: Ball 1-1: Fly out, F8 (Flyball, 8RXD, EV 107.5 MPH)
|
Batting: SHB Teddy York
|
0-0: Ground out 2-3 (Groundball, 2R, EV 65.0 MPH)
|
Batting: RHB Carl Bridges
|
0-0: Ball 1-0: Called Strike 1-1: Swinging Strike 1-2: Foul Ball, location: 2F 1-2: Foul Ball, location: 2F 1-2: Strikes out looking
|
Bottom of the 9th over - 0 runs, 0 hits, 0 errors, 0 left on base; Ft. Polk South 2 - Bethesda 1 |
|